 Dungeon Crawl Stone Soup version 0.31-a0-233-g139696dc86 (webtiles) character file.

Game seed: 15390849735496754441

107 qw the Shooter (level 4, -1/36 HPs)
             Began as a Minotaur Hexslinger on July 9, 2023.
             Slain by an ogre
             ... wielding a +0 giant club
              (17 damage)
             ... on level 7 of the Dungeon.
             The game lasted 00:00:54 (1828 turns).

qw the Shooter (Minotaur Hexslinger)                Turns: 1828, Time: 00:00:55

Health: -1/36      AC:  6    Str: 13    XL:     4   Next: 56%
Magic:  4/4        EV: 11    Int: 10    God:
Gold:   143        SH:  5    Dex: 14    Spells: 4/5 levels left

rFire   + . .        Y - +0 sling (elec)
rCold   . . .        (no shield)
rNeg    . . .        g - +1 ring mail {rF+}
rPois   .            (helmet restricted)
rElec   .            (no cloak)
rCorr   .            (no gloves)
SInv    .            (no boots)
Will    .....        h - amulet of reflection
Stlth   +            (no ring)
HPRegen 0.26/turn    (no ring)
MPRegen 0.09/turn

%: reflection
@: no status effects
A: horns 2, retaliatory headbutt
a: no special abilities


You were on level 7 of the Dungeon.
You visited 1 branch of the dungeon, and saw 5 of its levels.

You collected 182 gold pieces.
You spent 39 gold pieces at shops.


Innate Abilities, Weirdness & Mutations

You have a pair of horns on your head.
You reflexively headbutt those who attack you in melee.


   Skills:
 + Level 2.0 Fighting
 - Level 5.0 Ranged Weapons
 - Level 1.0 Armour
 - Level 2.1 Dodging
 - Level 1.0 Spellcasting
 - Level 2.0 Hexes


You had 4 spell levels left.
You knew the following spells:

 Your Spells              Type           Power      Damage    Failure   Level
a - Slow                  Hex            16%        N/A       32%         1

Your spell library contained the following spells:

 Spells                   Type           Power      Damage    Failure   Level
 Inner Flame              Hex/Fire       2%         N/A       82%         3
 Portal Projectile        Hex/Tloc       4%         N/A       82%         3
 Cause Fear               Hex            2%         N/A       97%         4

Inventory:

Hand Weapons
 Y - a +0 sling of electrocution (weapon)
Armour
 g - a +1 ring mail of fire resistance (worn)
 i - a +1 hat
Jewellery
 d - a ring of fire
 h - an amulet of reflection (around neck)
Scrolls
 b - a scroll of identify
Potions
 a - a potion of enlightenment
 c - a potion of curing
 e - a potion of heal wounds
 f - a potion of resistance {unknown}

Dungeon Overview and Level Annotations

Branches:
Dungeon (4/15)
 Temple: D:4-7

Altars:
Ashenzari
Cheibriados
Xom

Shops:
D:2 !


Message History

Found a stone staircase leading down.
Enter note: A sourceless malevolence fills the Dungeon...
You fall into a shaft and drop 3 floors!
The shaft crumbles and collapses.
You hear the roar of battle.
There is an entrance to a bailey on this level.
Hurry and find it before the portal closes forever!
Found a falchion.
Waypoint 4 assigned to D:7.
You see here a +0 falchion.
You now have enough gold to buy 2 potions of enlightenment on D:2.
You can access your shopping list by pressing '$'.
You now have 143 gold pieces (gained 14).
You see here a +0 falchion.
Found a scroll of fear.
Found a scroll of fear.
i - a +1 hat An ogre comes into view. It is wielding a +0 giant club.
Found a scale mail.
You shoot a sling bullet.
The sling bullet hits the ogre but does no damage.
Lightning courses through the ogre!
The ogre is moderately wounded.
You shoot a sling bullet.
The sling bullet closely misses the ogre.
You shoot a sling bullet. The sling bullet hits the ogre.
The ogre is heavily wounded.
You shoot a sling bullet. The sling bullet hits the ogre!
The ogre is severely wounded.
You shoot a sling bullet. The sling bullet hits the ogre.
The ogre is almost dead.
The ogre barely misses you.
You shoot a sling bullet. The sling bullet hits the ogre.
The ogre is almost dead.
The ogre hits you with a +0 giant club!!
Ouch! That really hurt!
You shoot a sling bullet.
The sling bullet barely misses the ogre.
The ogre hits you with a +0 giant club!
You die...

# .#### #. ...[# #..
.?#.# #..###.#.#
#...#?.#.# .
#..#...#.# ...
#......#.#.....
#.....@O....#
####..#####.#
#..#####.#####
####..##........
#......#.##...
####.##...#.##.#
...............####.#
.....##.#.####......#
#........# #.######


You could see an ogre.

Vanquished Creatures
  3 adders (D:3)
  3 dart slugs
  7 endoplasms
  10 goblins
  7 hobgoblins
  7 jackals (D:1)
  5 kobolds
  6 quokkas
  5 ball pythons
  2 bats (D:1)
  3 frilled lizards
  6 rats
64 creatures vanquished.

Notes
Turn   | Place    | Note
-------+----------+-------------------------------------------
     0 | D:1      | qw the Minotaur Hexslinger began the quest for the Orb.
     0 | D:1      | Reached XP level 1. HP: 16/16 MP: 1/1
     0 | D:1      | 0 ||| qw: Version: 0.3-a-51-g015441d
     0 | D:1      | 0 ||| qw: Game counter: 3953
     0 | D:1      | 0 ||| qw: Melee chars always use a shield: true
     0 | D:1      | 0 ||| qw: God list: Okawaru
     0 | D:1      | 0 ||| qw: Allow faded altars: false
     0 | D:1      | 0 ||| qw: Do Orc after clearing Dungeon:15 true
     0 | D:1      | 0 ||| qw: Do second Lair branch before Depths: true
     0 | D:1      | 0 ||| qw: Lair rune preference: random
     0 | D:1      | 0 ||| qw: Goals: Normal
     0 | D:1      | 0 ||| PLANNING D:1-11
    20 | D:1      | 20 ||| FLEEEEING.
    23 | D:1      | 23 ||| FLEEEEING.
    72 | D:1      | Reached skill level 3 in Ranged Weapons
    75 | D:1      | Reached XP level 2. HP: 22/23 MP: 2/2
   185 | D:1      | Reached XP level 3. HP: 12/29 MP: 3/3
   483 | D:1      | 483 ||| SWAPPING to +0 sling of electrocution.
   484 | D:1      | 484 ||| DROPPING +1 sling.
   564 | D:1      | 564 ||| UPGRADING to +0 leather armour.
   574 | D:1      | 574 ||| DROPPING +0 robe.
   575 | D:1      | 575 ||| UPGRADING to +0 ring mail.
   585 | D:1      | 585 ||| DROPPING +0 leather armour.
   586 | D:1      | 586 ||| UPGRADING to +1 ring mail of fire resistance.
   596 | D:1      | 596 ||| DROPPING +0 ring mail.
   597 | D:1      | 597 ||| READING scroll labelled QUOTISKOENA.
   598 | D:1      | 598 ||| READING scroll labelled JASIEPPEPSINIE.
   599 | D:1      | 599 ||| READING scroll labelled NUPNID YMUT.
   600 | D:1      | 600 ||| READING scroll labelled RYD YMOSYAPRA.
   701 | D:1      | 701 ||| DROPPING scroll of poison.
   725 | D:2      | Reached skill level 4 in Ranged Weapons
   762 | D:2      | Found Quscheas's Distillery.
   775 | D:2      | 775 ||| SHOPLISTING 2 potions of enlightenment (130 gold,
                  | have 60).
   775 | D:2      | 775 ||| BUYING potion of curing (39 gold).
   775 | D:2      | Bought a potion of curing for 39 gold pieces
   775 | D:2      | 775 ||| SHOPLISTING potion of curing (39 gold, have 21).
   775 | D:2      | 775 ||| SHOPLISTING potion of heal wounds (65 gold, have
                  | 21).
   865 | D:2      | Reached skill level 1 in Armour
  1125 | D:2      | 1125 ||| READING scroll labelled RAYXZU MUGGECA.
  1126 | D:2      | 1126 ||| DRINKING 2 cyan potions.
  1192 | D:3      | Reached XP level 4. HP: 36/36 MP: 4/4
  1703 | D:3      | 1703 ||| UPGRADING to amulet of reflection.
  1708 | D:3      | 1708 ||| READING scroll labelled AVUOPLIUQO.
  1709 | D:3      | 1709 ||| READING scroll labelled JAGIFR XEWNA.
  1710 | D:3      | 1710 ||| READING 3 scrolls of identify.
  1710 | D:3      | 1710 ||| IDENTIFYING white potion
  1711 | D:3      | 1711 ||| READING 2 scrolls of identify.
  1711 | D:3      | 1711 ||| IDENTIFYING bubbling ruby potion
  1712 | D:3      | 1712 ||| DROPPING potion of degeneration.
  1737 | D:3      | Reached skill level 5 in Ranged Weapons
  1749 | D:4      | 1749 ||| PLANNING OSSUARY
  1765 | D:4      | Found a snail-covered altar of Cheibriados.
  1765 | D:4      | Found a shimmering altar of Xom.
  1767 | D:4      | Found a broken altar of Ashenzari.
  1797 | D:4      | You fall into a shaft and drop 3 floors!
  1821 | D:7      | Noticed an ogre
  1828 | D:7      | Slain by an ogre

Levels and vault maps discovered:
D:1:      lightli_arrival_statuegarden, layout_rooms, serial_bayou_crossing
D:2:      layout_rooms, serial_shops, nicolae_shop_hallway_plus,
          grunt_ministairs_1
D:3:      layout_loops_cross
D:4:      layout_layer_cave, chequers_temple_overflow_statue_of_worship,
          gup_ossuary_entry_pyramid, kennysheep_generic_room_15
D:7:      kennysheep_spiral_hall, layout_loops_cross,
          minmay_temple_entry_statues, enter_bailey_8, minmay_misc_feat_encased,
          uniq_pikel, uniq_joseph

Skill      XL: |  1  2  3  4 |
---------------+-------------+-----
Ranged Weapons | 3 4 5 |  5.0
Fighting       | 2 |  2.0
Armour         | 1 |  1.0
Dodging        | |  2.1
Spellcasting   | |  1.0
Hexes          | |  2.0

Action                     |  1- 3 |  4- 6 || total
---------------------------+-------+-------++-------
   Fire: Sling             |   128 |    58 ||   186
    Use: Scroll            |     5 |     4 ||     9
         Potion            |     1 |       ||     1
 Armour: Robe              |     7 |       ||     7
         Ring mail         |     4 |    14 ||    18
  Dodge: Dodged            |    26 |    20 ||    46
  Block: Other             |       |     1 ||     1

Table legend:
 A = Non-vault XP
 B = Vault XP
 C = Vault XP percentage of total XP
 D = Non-vault monster count
 E = Vault monster count
 F = Vault count percentage of total count
                 A         B        C        D         E       F
            +---------+---------+-------+---------+---------+-------
      Total |     149 |       4 |   2.6 |      62 |       2 |   3.1
            +---------+---------+-------+---------+---------+-------
        D:1 |      60 |       0 |   0.0 |      33 |       0 |   0.0
        D:2 |      23 |       4 |  14.8 |      12 |       2 |  14.3
        D:3 |      66 |       0 |   0.0 |      17 |       0 |   0.0
            +---------+---------+-------+---------+---------+-------
